 Dungeon Crawl Stone Soup version 0.31-a0-232-gb1c03b2570 (webtiles) character file.

Game seed: 7577217586138494473

59 qw the Shooter (level 4, -4/26 HPs)
             Began as a Gargoyle Hexslinger on July 7, 2023.
             Slain by an orc
             ... wielding a +0 flail
              (6 damage)
             ... on level 3 of the Dungeon.
             The game lasted 00:00:47 (2177 turns).

qw the Shooter (Gargoyle Hexslinger)                Turns: 2177, Time: 00:00:47

Health: -4/26      AC:  8    Str: 11    XL:     4   Next: 3%
Magic:  5/5        EV: 12    Int: 14    God:
Gold:   114        SH:  0    Dex: 20    Spells: 4/5 levels left

rFire   . . .        Y - +1 sling
rCold   . . .        (no shield)
rNeg    + . .        b - +1 robe "Jehabas" {rCorr}
rPois   inf          (no helmet)
rElec   +            (no cloak)
rCorr   +            e - +1 pair of gloves
SInv    +            (no boots)
Will    .....        (no amulet)
Stlth   ++           d - +6 ring of dexterity
HPRegen 0.24/turn    g - ring of see invisible
MPRegen 0.09/turn

%: no passive effects
@: no status effects
A: sickness immunity, AC +3, negative energy resistance 1, electricity
resistance, torment resistance 1, petrification resistance
a: no special abilities


You were on level 3 of the Dungeon.
You visited 1 branch of the dungeon, and saw 3 of its levels.

You collected 114 gold pieces.


Innate Abilities, Weirdness & Mutations

You are immune to sickness and miasma.
Your stone body is resilient. (AC +3)
You are immune to poison.
You resist negative energy. (rN+)
You are resistant to electric shocks. (rElec)
You are resistant to unholy torment.
You are immune to petrification.


   Skills:
 - Level 2.0 Fighting
 + Level 3.8 Ranged Weapons
 - Level 1.5 Dodging
 - Level 1.0 Spellcasting
 - Level 2.6 Hexes


You had 4 spell levels left.
You knew the following spells:

 Your Spells              Type           Power      Damage    Failure   Level
a - Slow                  Hex            32%        N/A       9%          1

Your spell library contained the following spells:

 Spells                   Type           Power      Damage    Failure   Level
 Inner Flame              Hex/Fire       4%         N/A       41%         3
 Portal Projectile        Hex/Tloc       8%         N/A       41%         3
 Cause Fear               Hex            4%         N/A       65%         4

Inventory:

Hand Weapons
 Y - a +1 sling (weapon)
Armour
 b - the +1 robe "Jehabas" (worn) {rCorr}
   (You found it on level 2 of the Dungeon)

   rCorr:     It protects you from acid and corrosion.
 e - a +1 pair of gloves (worn)
 i - a +0 ring mail
Jewellery
 d - a +6 ring of dexterity (left hand)
 g - a ring of see invisible (right hand)
Scrolls
 k - a scroll of identify
Potions
 f - a potion of attraction {unknown}
 j - 2 potions of curing

Dungeon Overview and Level Annotations

Branches:
Dungeon (3/15)

Altars:
Nemelex Xobeh


Message History

An orc comes into view. It is wielding a +0 falchion.
You shoot a sling bullet. The orc shouts!
The sling bullet hits the orc priest but does no damage.
The orc priest is heavily wounded.
An orc comes into view. It is wielding a +0 dagger.
The orc priest begins to cast a cantrip, but forgets the words!
You shoot a sling bullet.
The sling bullet barely misses the orc priest.
The orc priest calls down the wrath of Beogh upon you.
You barely resist.
An orc comes into view.
It is wielding a +0 hand axe and quivering poisoned darts.
The orc misses you.
You shoot a sling bullet.
The sling bullet barely misses the orc priest.
The orc hits you but does no damage. The orc closely misses you.
The orc priest hits you but does no damage.
You shoot a sling bullet.
The sling bullet barely misses the orc priest.
The orc hits you with a +0 hand axe. The orc hits you with a +0 flail.
The orc priest hits you with a +0 club. The orc priest barely misses you.
The orc misses you. The orc closely misses you.
You shoot a sling bullet.
The sling bullet barely misses the orc priest.
The orc barely misses you. x2; The orc priest closely misses you.
You shoot a sling bullet. The sling bullet hits the orc priest!
The orc priest is almost dead.
The orc closely misses you. x2; The orc priest barely misses you.
You shoot a sling bullet. The sling bullet hits the orc priest.
The orc priest is almost dead.
The orc closely misses you. The orc completely misses you.
The orc priest invokes the aid of Beogh against you.
Beogh smites you!
Ouch! That really hurt!
You shoot a sling bullet.
The sling bullet hits the orc priest but does no damage.
The orc priest is almost dead.
The orc priest invokes the aid of Beogh against you.
You barely resist. The orc closely misses you.
The orc hits you with a +0 flail.
You die...

+.........# #.#.#
##.........####.#.#
................#.#
.########...........#
..................%.#
..#####.......#####.#
#.#.##### #..
#####.#.# #..
#o@o..#.# #..
##o####.# #.. #o# #.#
#.#


ooo .# #.# ##oo #.# oo.. #.# .... #.. ..... #.. #.. You could see an orc priest
and 10 orcs.

Vanquished Creatures
  2 worms
  5 endoplasms
  A giant cockroach (D:1)
  4 goblins
  4 hobgoblins
  3 jackals (D:2)
  2 quokkas (D:1)
  8 ball pythons
  6 bats
  2 frilled lizards
  7 kobolds
  7 rats
51 creatures vanquished.

Notes
Turn   | Place    | Note
-------+----------+-------------------------------------------
     0 | D:1      | qw the Gargoyle Hexslinger began the quest for the Orb.
     0 | D:1      | Reached XP level 1. HP: 12/12 MP: 2/2
     0 | D:1      | 0 ||| qw: Version: 0.3-a-46-gb1f654a
     0 | D:1      | 0 ||| qw: Game counter: 2978
     0 | D:1      | 0 ||| qw: Melee chars always use a shield: true
     0 | D:1      | 0 ||| qw: God list: Okawaru
     0 | D:1      | 0 ||| qw: Allow faded altars: false
     0 | D:1      | 0 ||| qw: Do Orc after clearing Dungeon:15 true
     0 | D:1      | 0 ||| qw: Do second Lair branch before Depths: true
     0 | D:1      | 0 ||| qw: Lair rune preference: random
     0 | D:1      | 0 ||| qw: Goals: Normal
     0 | D:1      | 0 ||| PLANNING D:1-11
   104 | D:1      | Reached XP level 2. HP: 16/16 MP: 3/3
   291 | D:1      | Reached skill level 3 in Ranged Weapons
   444 | D:1      | Reached XP level 3. HP: 19/21 MP: 4/4
   460 | D:1      | Found a faded altar of an unknown god.
  1010 | D:1      | 1010 ||| READING scroll labelled HOOBLI QIYSIMN.
  1011 | D:1      | 1011 ||| READING scroll labelled BALAEXEURID.
  1012 | D:1      | 1012 ||| READING scroll labelled BISAHY ROFOI.
  1013 | D:1      | 1013 ||| READING scroll labelled KICEONALAT.
  1014 | D:1      | 1014 ||| READING scroll labelled VAOLAGGYIBEONI.
  1015 | D:1      | 1015 ||| READING 2 scrolls labelled TYSOHOJ NOBBOI.
  1016 | D:1      | 1016 ||| DRINKING 2 dark potions.
  1017 | D:1      | 1017 ||| DROPPING scroll of poison.
  1018 | D:1      | 1018 ||| DROPPING scroll of butterflies.
  1057 | D:2      | Identified the +1 robe "Jehabas" {rCorr}
  1161 | D:2      | Found a sparkling altar of Nemelex Xobeh.
  1927 | D:2      | 1927 ||| UPGRADING to +1 robe "Jehabas" {rCorr}.
  1937 | D:2      | 1937 ||| DROPPING +0 robe.
  1938 | D:2      | 1938 ||| UPGRADING to +1 pair of gloves.
  1943 | D:2      | 1943 ||| UPGRADING to +6 ring of dexterity.
  1944 | D:2      | 1944 ||| UPGRADING to ring of see invisible.
  1945 | D:2      | 1945 ||| READING scroll labelled JADOWOLONN.
  1950 | D:2      | 1950 ||| READING 3 scrolls labelled ILLIQ OPTAOWK.
  1951 | D:2      | 1951 ||| DROPPING 2 scrolls of amnesia.
  2089 | D:3      | Reached XP level 4. HP: 23/26 MP: 5/5
  2163 | D:3      | 2163 ||| Stepping ~*~*~tactically~*~*~ (outnumbered).
  2176 | D:3      | HP: 1/26 [orc priest/divine providence (17)]
  2177 | D:3      | Slain by an orc

Levels and vault maps discovered:
D:1:      elethiomel_arrival_diamonds, layout_basic,
          shapermc_ecumenical_altar_rom_forum
D:2:      layout_basic, hex_tiny, minmay_misc_feat_four_crosses,
          minmay_hexomino_r4
D:3:      layout_basic, kennysheep_slug_shrine, moated_statue

Skill      XL: |  1  2  3 |
---------------+----------+-----
Ranged Weapons | 3 |  3.8
Fighting       | 2 |  2.0
Dodging        | |  1.5
Spellcasting   | |  1.0
Hexes          | |  2.6

Action                     |  1- 3 |  4- 6 || total
---------------------------+-------+-------++-------
   Fire: Sling             |   157 |    16 ||   173
    Use: Scroll            |     8 |       ||     8
         Potion            |     1 |       ||     1
 Armour: Robe              |    23 |     2 ||    25
  Dodge: Dodged            |    50 |    14 ||    64

Table legend:
 A = Non-vault XP
 B = Vault XP
 C = Vault XP percentage of total XP
 D = Non-vault monster count
 E = Vault monster count
 F = Vault count percentage of total count
                 A         B        C        D         E       F
            +---------+---------+-------+---------+---------+-------
      Total |      73 |      12 |  14.1 |      41 |      10 |  19.6
            +---------+---------+-------+---------+---------+-------
        D:1 |      38 |       8 |  17.4 |      24 |       7 |  22.6
        D:2 |      27 |       4 |  12.9 |      14 |       3 |  17.6
        D:3 |       8 |       0 |   0.0 |       3 |       0 |   0.0
            +---------+---------+-------+---------+---------+-------
